 Dungeon Crawl Stone Soup version 0.29.1-1-gd02db6906a (webtiles) character file.

Game seed: 14573267997961001080

2922 Hadkhar the Frost Mage (level 9, -2/108 HPs)
             Began as a Barachi Ice Elementalist on Oct 14, 2022.
             Was a Priest of Sif Muna.
             Slain by a death yak (18 damage)
             ... on level 8 of the Dungeon on Oct 15, 2022.
             The game lasted 01:08:35 (8225 turns).

Hadkhar the Frost Mage (Barachi Ice Elementalist)   Turns: 8225, Time: 01:08:35

Health: -2/108     AC: 32    Str: 10    XL:     9   Next: 79%
Magic:  9/16       EV:  2    Int: 17    God:    Sif Muna [***...]
Gold:   369        SH:  0    Dex: 21    Spells: 11/18 levels left

rFire   . . .      SeeInvis .   h - +0 great sword
rCold   . . .      Faith    .   (shield currently unavailable)
rNeg    . . .      Spirit   .   (body armour currently unavailable)
rPois   +          Reflect  .   (helmet currently unavailable)
rElec   .          Harm     .   (cloak currently unavailable)
rCorr   .          Rampage  .   (gloves currently unavailable)
Will    .....      NoTele   +   (boots currently unavailable)
Stlth   +++.......              v - amulet of regeneration
HPRegen 1.08/turn               o - ring of poison resistance
MPRegen 0.15/turn               I - +6 ring of dexterity

@: ice-armoured, tree-form, freezing walls
A: stationary, stasis, torment immunity, boosted hp, (amphibious), (slowness 1),
(strong legs 1), +LOS
a: Renounce Religion, Channel Magic, Forget Spell


You were on level 8 of the Dungeon.
You worshipped Sif Muna.
Sif Muna was most pleased with you.
You were a tree.
You visited 1 branch of the dungeon, and saw 8 of its levels.
You also visited: Sewer.

You collected 369 gold pieces.

Inventory:

Hand Weapons
 d - a +0 sling
 h - a +0 great sword (weapon)
 w - a +1 whip of draining
Missiles
 n - a throwing net
 C - 4 curare-tipped darts
Armour
 c - a +0 pair of boots (melded)
 g - a +0 cloak (melded)
 k - a +0 leather armour
 s - a +0 plate armour
 N - a +0 pair of gloves (melded)
 O - a +0 scale mail (melded)
Magical Staves
 a - a staff of cold
Jewellery
 o - a ring of poison resistance (left branch)
 v - an amulet of regeneration (around neck)
 H - a ring of protection from fire
 I - a +6 ring of dexterity (right branch)
 Q - a ring of positive energy
Wands
 t - a wand of light (10)
 A - a wand of roots (1)
 K - a wand of polymorph (12)
 M - a wand of mindburst (9)
Scrolls
 f - a scroll of enchant weapon
 i - 4 scrolls of teleportation
 l - a scroll of magic mapping {unknown}
 u - a scroll of silence {unknown}
 x - 4 scrolls of butterflies {unknown}
 y - 2 scrolls of vulnerability
 z - a scroll of identify
 D - 3 scrolls of amnesia {unknown}
 J - 2 scrolls of poison {unknown}
 L - a scroll of enchant armour {unknown}
Potions
 b - 4 potions of magic
 e - 2 potions of flight
 j - 3 potions of brilliance
 m - 3 potions of curing
 p - 2 potions of mutation
 q - a potion of cancellation
 r - 2 potions of lignification
 B - 2 potions of degeneration {unknown}
 E - a potion of invisibility {unknown}
 F - a potion of haste {unknown}
 G - 2 potions of heal wounds {unknown}


   Skills:
 + Level 7.1 Fighting
 + Level 5.6 Long Blades
 + Level 5.0 Armour
 - Level 2.4 Dodging
 - Level 4.2 Stealth
 - Level 5.0 Spellcasting
 + Level 10.3 Ice Magic


You had 11 spell levels left.
You knew the following spells:

 Your Spells              Type           Power      Damage    Failure   Level
a - Freeze                Ice            100%       1d11      1%          1
b - Frozen Ramparts       Ice            78%        1d12      1%          3
c - Ozocubu's Armour      Ice            39%        N/A       1%          3

Your spell library contained the following spells:

 Spells                   Type           Power      Damage    Failure   Level
 Slow                     Hex            16%        N/A       14%         1
 Hailstorm                Conj/Ice       21%        3d6       17%         4
 Scorch                   Fire           8%         2d5       22%         2
 Call Canine Familiar     Summ           4%         N/A       38%         3
 Confusing Touch          Hex            4%         N/A       38%         3
 Dazzling Flash           Conj/Hex       8%         N/A       38%         3
 Portal Projectile        Hex/Tloc       8%         N/A       38%         3
 Summon Guardian Golem    Hex/Summ       4%         N/A       38%         3
 Vampiric Draining        Necr           4%         2d6       38%         3
 Animate Dead             Necr           4%         N/A       80%         4
 Flame Wave               Conj/Fire      4%         2d5       80%         4
 Iskenderun's Mystic Bla  Conj/Tloc      4%         2d3       80%         4
 Leda's Liquefaction      Hex/Erth       2%         N/A       80%         4
 Death Channel            Necr           2%         N/A       100%        6
 Starburst                Conj/Fire      2%         6d3       100%        6
 Summon Cactus Giant      Summ           2%         N/A       100%        6
 Monstrous Menagerie      Summ           2%         N/A       100%        7


Dungeon Overview and Level Annotations

Branches:
Dungeon (8/15)             Temple (0/1) D:5           Sewer (visited)
   Lair: D:8-11

Altars:
Makhleb
Okawaru
Sif Muna
Zin
The Shining One

Shops:
D:2 !   D:5 *   D:6 *   D:7 [   D:8 *

Annotations:
D:8 Amaemon


Innate Abilities, Weirdness & Mutations

You are a tree.
Your roots penetrate the ground, keeping you stationary.
You cannot be teleported.
You are immune to unholy pain and torment.
Your maximum health is greatly increased.
Your equipment is partially melded.
((You are amphibious.))
((You cover ground slowly.))
((You can hop short distances.))
You have an extended range of vision and can be seen from far away.


Message History

The death yak is almost dead.
The wall freezes the death yak!
The death yak gores you but does no damage.
The wall freezes the death yak.
The wall freezes the death yak but does no damage.
You barely miss the death yak.
The death yak is almost dead.
The wall freezes the death yak.
You kill the death yak!
Sif Muna accepts your kill.
The wall freezes the death yak. x3
The wall freezes the death yak but does no damage.
The death yak gores you.
Your Fighting skill increases to level 7!
Your Long Blades skill increases to level 5!
Your Armour skill increases to level 5!
Your Ice Magic skill increases to level 10!
You slash the death yak!
The death yak is lightly wounded.
The frozen ramparts melt away.
The death yak gores you but does no damage.
You hit the death yak.
The death yak is moderately wounded.
The death yak gores you. x2
You slice the death yak!!
The death yak is heavily wounded.
The death yak gores you.
You hit the death yak.
The death yak is severely wounded.
The death yak gores you!
* * * LOW HITPOINT WARNING * * *
The death yak gores you!
* * * LOW HITPOINT WARNING * * *
Casting: Freeze (safe; 1% risk of failure)
Confirm with . or Enter, or press ? or * to list all spells.
Casting: Frozen Ramparts (safe; 1% risk of failure)
Press: ? - help, Dir - look around, f - activate The walls around you are covered in ice.
The wall freezes the death yak!
The death yak gores you!!
You die...

. Y .# ...
.#.# ....#
#..
......##.#
.........#
.#######.#
#YY.#
#Y###
#######♣#
#.......#
#.#######
#.#
#.#####
#.#...#
#.#.#.#
#.#<#.#
#.###.#


You could see 3 death yaks.

Vanquished Creatures
  A death yak (D:8)
  2 orc warriors
  2 black bears
  2 ogres
  A centaur (D:7)
  2 phantoms
  Blork the orc (D:6)
  2 bullfrogs (D:6)
  A scorpion (D:4)
  A gnoll sergeant (D:7)
  3 wights (D:6)
  5 killer bees (D:7)
  A lava snake (D:7)
  2 hounds
  7 jellies
  5 orc priests
  2 iguanas
  Natasha (thrice) (D:3)
  2 orc wizards
  6 gnolls
  A river rat (Sewer)
  7 adders
  A white imp (D:6)
  2 ufetubi (D:6)
  2 worms
  13 orcs
  7 bats
  19 endoplasms
  10 giant cockroaches
  9 goblins
  8 hobgoblins
  5 jackals
  4 quokkas
  6 ball pythons
  5 frilled lizards
  11 kobolds
  4 rats
165 creatures vanquished.

Notes
Turn   | Place    | Note
-------+----------+-------------------------------------------
     0 | D:1      | Hadkhar the Barachi Ice Elementalist began the quest for
                  | the Orb.
     0 | D:1      | Reached XP level 1. HP: 13/13 MP: 3/3
   405 | D:1      | Reached XP level 2. HP: 19/19 MP: 3/5
   445 | D:1      | Reached skill level 5 in Ice Magic
   702 | D:1      | Found a faded altar of an unknown god.
   892 | D:2      | Found Jaucw's Distillery.
  1121 | D:2      | Reached XP level 3. HP: 25/25 MP: 0/6
  1125 | D:2      | Learned a level 3 spell: Frozen Ramparts
  1129 | D:2      | Learned a level 3 spell: Ozocubu's Armour
  1744 | D:2      | Reached skill level 1 in Fighting
  1748 | D:2      | Reached XP level 4. HP: 32/32 MP: 2/8
  2233 | D:3      | Noticed an angel
  2234 | D:3      | Found a glowing silver altar of Zin.
  2345 | D:3      | Found a shimmering blue altar of Sif Muna.
  2352 | D:3      | Became a worshipper of Sif Muna the Loreminder
  2391 | D:3      | Noticed Natasha
  2396 | D:3      | Killed Natasha
  2397 | D:3      | Reached XP level 5. HP: 24/38 MP: 1/9
  2424 | D:3      | Reached skill level 6 in Ice Magic
  2802 | D:3      | Found an iron altar of Okawaru.
  2947 | D:3      | Noticed Natasha
  2961 | D:3      | Killed Natasha
  2962 | D:3      | Reached XP level 6. HP: 39/46 MP: 7/11
  3068 | D:3      | Noticed Natasha
  3079 | D:3      | Killed Natasha
  3458 | D:4      | Found a glowing drain.
  3479 | D:4      | Reached * piety under Sif Muna
  3491 | Sewer    | Entered a sewer
  3785 | Sewer    | Reached skill level 7 in Ice Magic
  3789 | Sewer    | Reached XP level 7. HP: 52/52 MP: 8/12
  3797 | Sewer    | Found a viscous altar of Jiyva.
  3893 | Sewer    | Reached ** piety under Sif Muna
  3986 | D:4      | Found a burning altar of Makhleb.
  4795 | D:5      | Entered Level 5 of the Dungeon
  5169 | D:5      | Found Weckaxa's General Store.
  5202 | D:5      | Found a staircase to the Ecumenical Temple.
  5227 | D:5      | Reached skill level 8 in Ice Magic
  5309 | D:5      | Found a glowing golden altar of the Shining One.
  5896 | D:6      | Reached XP level 8. HP: 61/61 MP: 7/14
  5898 | D:6      | Reached skill level 1 in Long Blades
  6101 | D:6      | Found Enlimpon's Gadget Gallery.
  6264 | D:6      | Noticed Blork the orc
  6280 | D:6      | Killed Blork the orc
  6281 | D:6      | Reached skill level 1 in Armour
  6332 | D:6      | Reached skill level 5 in Fighting
  6332 | D:6      | Reached skill level 9 in Ice Magic
  6347 | D:6      | Reached skill level 5 in Spellcasting
  6872 | D:7      | Reached XP level 9. HP: 47/69 MP: 12/16
  6933 | D:7      | Reached *** piety under Sif Muna
  6985 | D:7      | Found Gaxitu's Armour Emporium.
  7412 | D:7      | Got Sif Muna's Spellbook of Deathly Rallying
  7948 | D:8      | Found Nerhikk's Assorted Antiques.
  7973 | D:8      | Noticed an orange demon
  7974 | D:8      | Noticed Amaemon
  8203 | D:8      | Noticed a death yak
  8207 | D:8      | Noticed a death yak
  8216 | D:8      | Noticed a death yak
  8217 | D:8      | Noticed a death yak
  8220 | D:8      | Killed a death yak
  8221 | D:8      | Reached skill level 5 in Long Blades
  8221 | D:8      | Reached skill level 5 in Armour
  8221 | D:8      | Reached skill level 10 in Ice Magic
  8225 | D:8      | Slain by a death yak

Illustrated notes

Levels and vault maps discovered:
D:1:      lemuel_arrival_funnel, layout_loops_ring,
          shapermc_ecumenical_altar_ellora, minmay_statues_item,
          minmay_misc_feat_more_columns
D:2:      layout_loops_ring, serial_shops, nicolae_shop_statue_plus
D:3:      layout_loops_ring, zin_angel, lemuel_doored_altar,
          okawaru_metal_pillars_1_2, uniq_natasha
D:4:      layout_gridville, kennysheep_mini_moat, portal_sewer_entry_f
D:5:      layout_basic, mainiacjoe_overflow_alcove_1,
          minmay_temple_entry_sparse_star, serial_shops, shop
D:6:      layout_basic, nicolae_shop_gadgets, uniq_blork_the_orc
D:7:      layout_loops_cross, hangedman_abyss_or_decor_slice,
          nicolae_lava_and_water, nicolae_take_the_stairs, skrybe_limestone_x
D:8:      lemuel_bear_cage, layout_basic, old_standard_altar,
          dpeg_lair_monsters, serial_shops, nicolae_diamond_shop, serial_undead,
          serial_undead_c, serial_undead_d, serial_undead_c, serial_undead_e,
          uniq_amaemon

Skill      XL: |  1  2  3  4  5  6  7  8  9 |
---------------+----------------------------+-----
Stealth        | 2 3 4 |  4.2
Ice Magic      | 5 6 7 8 9 10 | 10.3
Fighting       | 1 2 3 4 5 7 |  7.1
Spellcasting   | 3 4 5 |  5.0
Long Blades    | 3 5 |  5.6
Armour         | 2 5 |  5.0
Dodging        | |  2.4

Action                   |  1- 3 |  4- 6 |  7- 9 || total
-------------------------+-------+-------+-------++-------
Melee: Whip              |       |   115 |    76 ||   191
       Punch             |       |     1 |     1 ||     2
       Great sword       |       |       |   118 ||   118
 Fire: Sling             |    56 |    53 |    11 ||   120
 Cast: Freeze            |    32 |    16 |    10 ||    58
       Frozen Ramparts   |     3 |    10 |    19 ||    32
       Ozocubu's Armour  |       |       |    14 ||    14
 Abil: Hop               |       |       |     1 ||     1
Evoke: Wand              |       |       |     1 ||     1
  Use: Scroll            |     4 |       |     5 ||     9
       Potion            |       |       |     2 ||     2
 Stab: Sleeping          |       |     2 |     5 ||     7
Armor: Robe              |    10 |    48 |    28 ||    86
       Scale mail        |       |       |    89 ||    89
       Skin              |       |       |     2 ||     2
Dodge: Dodged            |    24 |   106 |   140 ||   270
